 Dungeon Crawl Stone Soup version 0.31-a0-1074-g0b22e4e0f1 (webtiles) character file.

Game seed: 89419222802210758

41 ytrimaz the Changeling (level 3, -1/23 HPs)
             Began as an Octopode Shapeshifter on Dec 1, 2023.
             Slain by Sigmund
             ... wielding a +0 scythe
              (9 damage)
             ... on level 2 of the Dungeon.
             The game lasted 00:01:15 (1188 turns).

ytrimaz the Changeling (Octopode Shapeshifter)      Turns: 1188, Time: 00:01:15

Health: -1/23      AC:  5    Str: 19    XL:     3   Next: 52%
Magic:  3/3        EV: 13    Int: 12    God:
Gold:   47         SH:  0    Dex: 13    Spells: 2/2 levels left

rFire   . .          .
                       - Unarmed
rCold   . . .        (no shield)
rNeg    . . .        (helmet currently unavailable)
rPois   .            (no amulet)
rElec   .            f - +6 ring of strength
rCorr   .            g - +4 ring of protection
SInv    .            (no ring)
Will    .....        (no ring)
Stlth   +++          (no ring)
HPRegen 0.23/turn    (no ring)
MPRegen 0.08/turn    (no ring)
                     (no ring)

%: no passive effects
@: beast-form
A: beast (slay +2), almost no armour, amphibious, 8 rings, camouflage 1,
gelatinous body 1, (nimble swimmer 1), tentacles
a: Begin Untransformation


You were on level 2 of the Dungeon.
You were a hulking beast.
You visited 1 branch of the dungeon, and saw 2 of its levels.

You collected 47 gold pieces.


Innate Abilities, Weirdness & Mutations

You are a hulking beast.
Your limbs bulge with bestial killing power. (Slay +2)
You cannot wear most types of armour.
You are amphibious.
You can wear up to eight rings at the same time.
Your skin changes colour to match your surroundings (Stealth+).
Your rubbery body absorbs attacks. (AC +1, EV +1)
((You are camouflaged when in or above water. (Stealth+)))
You have tentacles for arms and can constrict up to eight enemies at once.


   Skills:
 - Level 1.0 Fighting
 - Level 2.0 Dodging
 + Level 2.0 Stealth
 + Level 3.3 Unarmed Combat
 * Level 3.6 Shapeshifting


You had 2 spell levels left.
You didn't know any spells.
Your spell library was empty.

Inventory:

Missiles
 e - 2 atropa-tipped darts
Jewellery
 f - a +6 ring of strength (left tentacle)
   (You found it on level 1 of the Dungeon)
 g - a +4 ring of protection (right tentacle)
   (You found it on level 1 of the Dungeon)
 j - a +6 ring of dexterity
   (You found it on level 1 of the Dungeon)
Talismans
 b - a beast talisman
 c - a flux talisman
Scrolls
 h - 2 scrolls of teleportation {unknown}
 i - a scroll of identify {unknown}
 m - a scroll of immolation {unknown}
 n - a scroll of poison {unknown}
Potions
 a - a potion of lignification
 d - a potion of attraction {unknown}
 k - a potion of heal wounds {unknown}
 l - a potion of ambrosia {unknown}

Dungeon Overview and Level Annotations

Branches:
Dungeon (2/15) Zot: 10814

Altars:
Xom

Annotations:
D:2 Sigmund

### #..........# ..###
#..........# #...#####
#..........#
........#####>.........#
###.###...............#
#.).........[......<..##
...)......###..........#
#.........# #..KS......#
#.........# #...h......#
#.........# #...{......#
#.........# #..........#
#.........# ##........##
#.........# ##......##
#.........# ########
###########


You could see a ball python and a kobold.


Message History

You kill the hobgoblin!
You now have 45 gold pieces (gained 8).
Key pressed, stopping explore.
Key pressed, stopping explore.
An endoplasm is nearby!
An endoplasm is nearby!
An endoplasm is nearby!
The endoplasm quivers.
You bludgeon the endoplasm!
You kill the endoplasm!
Key pressed, stopping explore.
Key pressed, stopping explore.
Key pressed, stopping explore.
There is a stone staircase leading up here.
Key pressed, stopping explore.
A goblin comes into view. It is wielding a +2 heavy flail.
You bludgeon the goblin!
You kill the goblin!
You now have 47 gold pieces (gained 2).
You see here a +2 heavy flail.
A goblin comes into view. It is wielding a +0 club.
A goblin is nearby!
The goblin shouts!
The goblin hits you with a +0 club. 😕 HP[-2]
You take 2 damage, and now have 21/23 hp.
You bludgeon the goblin!
You kill the goblin!
Your Stealth skill increases to level 2! 😕 HP[+1]
You see here a +0 club.
Found a stone staircase leading down. 😎 HP[+1]
Your hp is fully restored (23).
You see here a +0 chain mail.
You see here a +0 chain mail.
You see here a +0 club.
You see here a +2 heavy flail.
Found an embroidered scarf.
Found a stone staircase leading down.
A quokka comes into view.
A quokka is nearby!
A kobold comes into view. It is wielding a +0 club.
The quokka bites you. x2 😕 HP[-5]
You take 5 damage, and now have 18/23 hp.
MASSIVE DAMAGE!! (PAUSE)
You barely miss the quokka. You grab the quokka. You constrict the quokka.
The quokka closely misses you.
Unknown command.
You tentacle-slap the quokka. You constrict the quokka.
You kill the quokka! 😕 HP[+1] Sigmund, a dart slug and a ball python come into view.
Found a stone staircase leading up.
Sigmund casts a spell at you.
You are confused.
You see here a scarf of harm.
Unknown command.
Unknown command.
Okay, then.
You're too confused to move!
The kobold barely misses you.
The ball python hisses angrily.
Sigmund casts a spell at you. The magic dart hits you.
The kobold barely misses you. 😕 HP[-1]
You take 1 damage, and now have 18/23 hp.
Sigmund points at you and mumbles some strange words.
You resist with significant effort. The kobold hits you with a +0 club.
Unknown command.
The kobold hits you with a +0 club. 😮 HP[-2]
You take 2 damage, and now have 16/23 hp.
Unknown command.
Sigmund mumbles some strange words.
Sigmund flickers and vanishes!
Deactivating autopickup; reactivate with Ctrl-A.
The dart slug barely misses you. The kobold hits you but does no damage.
You barely miss the dart slug. You squeeze the dart slug!
You kill the dart slug!
You feel less confused. The ball python barely misses you.
The ball python grabs you. The ball python constricts you.
The kobold hits you with a +0 club. 😮 HP[-1]
You take 1 damage, and now have 15/23 hp.
You escape the ball python's grasp.
A magic dart appears from out of thin air!
The magic dart hits you.
* * * LOW HITPOINT WARNING * * *
The kobold attacks as it pursues you! The kobold hits you with a +0 club.
* * * LOW HITPOINT WARNING * * *
😨 HP[-8]
You take 8 damage, and now have 7/23 hp.
MASSIVE DAMAGE!! (PAUSE)
Something barely misses you. 😨 HP[+1]
Something hits you!
You die...

Skill      XL: |  1  2  3 |
---------------+----------+-----
Stealth        | 1 2 |  2.0
Fighting       | |  1.0
Dodging        | |  2.0
Unarmed Combat | |  3.3
Shapeshifting  | |  3.6

Action                     || total
---------------------------++-------
  Melee: Unarmed           ||    49
         Constrict         ||    17
         Tentacles         ||     7
         Punch             ||     1
   Stab: Sleeping          ||     6
 Armour: Skin              ||    27
  Dodge: Dodged            ||    28

Levels and vault maps discovered:
D:1:      erik_arrival_triangle_large, layout_loops_ring
D:2:      layout_rooms, basic_altar, uniq_sigmund

Notes
Turn   | Place    | Note
-------+----------+-------------------------------------------
     0 | D:1      | ytrimaz the Octopode Shapeshifter began the quest for the
                  | Orb.
     0 | D:1      | Reached XP level 1. HP: 13/13 MP: 1/1
     0 | D:1      | magus.rc [v1.9.6]
   158 | D:1      | Reached skill level 1 in Stealth
   158 | D:1      | Reached XP level 2. HP: 18/18 MP: 2/2
   780 | D:2      | Found a shimmering altar of Xom.
   840 | D:2      | Reached XP level 3. HP: 23/23 MP: 3/3
  1109 | D:2      | Reached skill level 2 in Stealth
  1179 | D:2      | Noticed Sigmund
  1188 | D:2      | Slain by Sigmund

Vanquished Creatures
  A worm (D:2)
  2 dart slugs (D:2)
  4 ball pythons (D:1)
  3 endoplasms (D:2)
  A giant cockroach (D:1)
  6 goblins
  5 hobgoblins
  2 quokkas
  2 bats
  2 frilled lizards (D:2)
  A kobold (D:1)
  A rat (D:1)
30 creatures vanquished.

Table legend:
 A = Non-vault XP
 B = Vault XP
 C = Vault XP percentage of total XP
 D = Non-vault monster count
 E = Vault monster count
 F = Vault count percentage of total count
                 A         B        C        D         E       F
            +---------+---------+-------+---------+---------+-------
      Total |      59 |       0 |   0.0 |      30 |       0 |   0.0
            +---------+---------+-------+---------+---------+-------
        D:1 |      28 |       0 |   0.0 |      16 |       0 |   0.0
        D:2 |      31 |       0 |   0.0 |      14 |       0 |   0.0
            +---------+---------+-------+---------+---------+-------

Skill      XL: |  1  2  3 |
---------------+----------+-----
Stealth        | 1 2 |  2.0
Fighting       | |  1.0
Dodging        | |  2.0
Unarmed Combat | |  3.3
Shapeshifting  | |  3.6

Action                     || total
---------------------------++-------
  Melee: Unarmed           ||    49
         Constrict         ||    17
         Tentacles         ||     7
         Punch             ||     1
   Stab: Sleeping          ||     6
 Armour: Skin              ||    27
  Dodge: Dodged            ||    28

Illustrated notes

Table legend:
 A = Kills in this place as a percentage of kills in the entire game.
 B = Kills by you in this place as a percentage of kills by you in the entire game.
 C = Kills by friends in this place as a percentage of kills by friends in the entire game.
 D = Other kills in this place as a percentage of other kills in the entire game.
 E = Experience gained in this place as a percentage of experience gained in the entire game.
 F = Experience gained in this place divided by the number of levels of this place that you have seen.
                   A       B       C       D       E      F
               +-------+-------+-------+-------+-------+----------------------
         Total | 100.0 | 100.0 |   N/A |   N/A | 100.0 |  29.5
       Dungeon | 100.0 | 100.0 |   N/A |   N/A | 100.0 |  29.5
               +-------+-------+-------+-------+-------+----------------------

Table legend: (Time is in decaauts)
 A = Elapsed time spent in this place.
 B = Non-inter-level travel time spent in this place.
 C = Inter-level travel time spent in this place.
 D = Time resting spent in this place.
 E = Time spent auto-exploring this place.
 F = Levels seen in this place.
 G = Mean time per level.
                   A        B        C        D        E       F      G
               +--------+--------+--------+--------+--------+-----+--------+
         Total |   1184 |   1127 |     57 |      0 |    909 |   2 |  592.0 |
       Dungeon |   1184 |   1127 |     57 |      0 |    909 |   2 |  592.0 |
               +--------+--------+--------+--------+--------+-----+--------+

Top non-repeatable levels by time:
     D:1: 777 daAuts
     D:2: 406 daAuts
